 Dungeon Crawl Stone Soup version 0.24-a0-520-g8fd06ad0bc (webtiles) character file.

Game seed: 15767014960563211736

35 vurker the Bolt Thrower (level 3, 0/22 HPs)
             Began as a Kobold Hunter on July 27, 2019.
             Slain by an adder (1 damage)
             ... on level 2 of the Dungeon.
             The game lasted 00:02:40 (1152 turns).

vurker the Bolt Thrower (Kobold Hunter)             Turns: 1152, Time: 00:02:41

Health: 0/22       AC:  3    Str: 10    XL:     3   Next: 52%
Magic:  3/3        EV: 14    Int: 12    God:
Gold:   61         SH:  0    Dex: 15    Spells: 2/2 levels left

rFire    . . .     SeeInvis .   a - +1 hand crossbow
rCold    . . .     Gourm    .   (shield restricted)
rNeg     . . .     Faith    .   c - +0 leather armour
rPois    .         Spirit   .   (no helmet)
rElec    .         Reflect  .   (no cloak)
rCorr    .         Harm     .   (no gloves)
MR       .....                  (no boots)
Stlth    ++........             (no amulet)
HPRegen  0.07/turn              (no ring)
MPRegen  0.08/turn              (no ring)

@: no status effects
A: small, carnivore
a: no special abilities


You were on level 2 of the Dungeon.
You were completely stuffed.

You visited 1 branch of the dungeon, and saw 2 of its levels.

You collected 61 gold pieces.

Inventory:

Hand Weapons
 a - a +1 hand crossbow (weapon)
 b - a +2 vampiric short sword
   (You took it off a kobold on level 2 of the Dungeon)
Missiles
 d - 11 bolts (quivered)
Armour
 c - a +0 leather armour (worn)
Jewellery
 k - an uncursed ring of protection from cold {unknown}
   (You found it on level 1 of the Dungeon)
Scrolls
 f - a scroll of fog {unknown}
 g - 3 scrolls of identify {unknown}
 h - a scroll of remove curse {unknown}
Potions
 j - a potion of agility {unknown}
Comestibles
 e - 5 rations
 i - 2 chunks of flesh


   Skills:
 + Level 2.6 Fighting
 * Level 2.2 Short Blades
 * Level 5.4 Crossbows
 - Level 2.4 Dodging
 - Level 1.3 Stealth


You had 2 spell levels left.
You didn't know any spells.
Your spell library was empty.

Dungeon Overview and Level Annotations

Branches:
Dungeon (2/15)

Altars:


Innate Abilities, Weirdness & Mutations

You are small and have problems with some larger weapons.
You are carnivorous and can eat meat at any time.


Message History

The adder hisses angrily.
You hit the jackal. The jackal bites you.
The jackal bites you but does no damage.
The jackal barks!
You hit the jackal.
You feel better.
You kill the jackal!
The jackal barely misses you. The jackal bites you.
You barely miss the jackal. The jackal closely misses you. x2
You hit the jackal.
You kill the jackal!
The jackal misses you. The jackal barely misses you. The jackal misses you.
You closely miss the adder. The jackal bites you. The adder misses you.
The jackal closely misses you.
You hit the adder. The jackal barely misses you. x2
The adder barely misses you. The jackal closely misses you. x2
You hit the adder. The jackal barely misses you. The adder closely misses you.
The jackal bites you but does no damage.
The jackal barely misses you. x2; The adder barely misses you.
You barely miss the adder. The jackal bites you. x3
The adder closely misses you. The jackal misses you.
You hit the adder. The jackal bites you. x2
* * * LOW HITPOINT WARNING * * *
The adder closely misses you. The jackal misses you. The jackal bites you.
* * * LOW HITPOINT WARNING * * *
The jackal closely misses you.
You barely miss the adder. The adder barely misses you. The jackal bites you.
* * * LOW HITPOINT WARNING * * *
The jackal barely misses you. The jackal bites you.
* * * LOW HITPOINT WARNING * * *
The adder closely misses you.
Unknown command.
You aren't carrying any items that you can evoke.
Unknown command.
You feel the dreadful sensation subside.
a - a +1 hand crossbow (weapon)
The jackal completely misses you. The jackal closely misses you.
The jackal bites you.
* * * LOW HITPOINT WARNING * * *
Firing (i - inventory)
d - 12 bolts (quivered)
Aim: an adder (heavily wounded)
You shoot a bolt. The bolt barely misses the adder.
The adder misses you. The jackal bites you.
* * * LOW HITPOINT WARNING * * *
The jackal bites you.
* * * LOW HITPOINT WARNING * * *
The jackal bites you but does no damage.
The jackal bites you.
* * * LOW HITPOINT WARNING * * *
The adder bites you.
You die...

.. #. #. # #.
################ ..
###.##.......#.......
##.#......#####.#.#####.
..........#####.#.#####.
#.#..........)......##.
#..h@S(#####.#.##....
#..hh..>.....#.#####.
###.##########....... ..
######## .## # #. # . #
#. # .


You could see an adder and 3 jackals.

Vanquished Creatures
  An adder (D:1)
  A worm (D:2)
  A dart slug (D:2)
  A leopard gecko (D:2)
  3 goblins
  2 hobgoblins (D:1)
  4 jackals
  3 kobolds
  A bat (D:1)
  A frilled lizard (D:1)
  A rat (D:1)
19 creatures vanquished.

Notes
Turn   | Place    | Note
-------+----------+-------------------------------------------
     0 | D:1      | vurker the Kobold Hunter began the quest for the Orb.
     0 | D:1      | Reached XP level 1. HP: 12/12 MP: 1/1
   329 | D:1      | Reached skill level 1 in Short Blades
   329 | D:1      | Reached skill level 5 in Crossbows
   330 | D:1      | Reached XP level 2. HP: 12/18 MP: 2/2
   888 | D:1      | Reached XP level 3. HP: 15/22 MP: 3/3
  1152 | D:2      | HP: 1/22 [jackal (1)]
  1152 | D:2      | Slain by an adder

Levels and vault maps discovered:
D:1:      giann_forest_graveyard, layout_basic
D:2:      layout_loops_cross, first_ration, xom_teletrap_fun

Skill      XL: |  1  2 |
---------------+-------+-----
Short Blades   | 1 2 |  2.2
Crossbows      | 5 |  5.4
Fighting       | |  2.6
Dodging        | |  2.4
Stealth        | |  1.3

Action                   || total
-------------------------++-------
Melee: Short sword       ||    37
       Dagger            ||    19
 Fire: Hand crossbow     ||    10
 Stab: Sleeping          ||     1
  Eat: Chunk             ||     9
Armor: Leather armour    ||    10
Dodge: Dodged            ||    61

Table legend:
 A = Non-vault XP
 B = Vault XP
 C = Vault XP percentage of total XP
 D = Non-vault monster count
 E = Vault monster count
 F = Vault count percentage of total count
                 A         B        C        D         E       F
            +---------+---------+-------+---------+---------+-------
      Total |      50 |       0 |   0.0 |      19 |       0 |   0.0
            +---------+---------+-------+---------+---------+-------
        D:1 |      29 |       0 |   0.0 |      11 |       0 |   0.0
        D:2 |      21 |       0 |   0.0 |       8 |       0 |   0.0
            +---------+---------+-------+---------+---------+-------
